Map: Oxide LE

Players

DragonKing

  • Race: Zerg Zerg
  • League: Platinum

Tunkon - Winner!

  • Race: Zerg Zerg
  • League: Platinum

VOD

Have the link to the VOD?

Description

Time

  • Played on: May 8, 2021, 9:02 p.m.
  • Length: 15:41
Show
View Real Time Build Order
Export as new Build Order

DragonKing Zerg 

Build Orders: Hatch First 

Get SALT Encoding   

  12  0:02  Drone  
  13  0:14  Drone  
  14  0:16  Overlord  
  14  0:35  Drone  
  14  0:36  Drone  
  14  0:38  Drone  
  17  0:53  Hatchery  
  16  0:58  Drone  
  16  1:02  Drone  
  18  1:09  Drone  
  19  1:18  Spawning Pool  
  18  1:21  Drone  
  19  1:31  Extractor, Drone  
  19  1:43  Drone  
  20  2:01  Drone  
  21  2:06  Queen x2  
  21  2:08  Zergling x4  
  27  2:23  Zergling x2  
  27  2:24  Overlord  
  28  2:31  Metabolic Boost  
  28  2:40  Roach Warren  
  28  2:41  Drone  
  28  2:46  Drone  
  28  2:48  Zergling x4  
  28  2:50  Zergling x2  
  28  2:51  Overlord  
  32  3:08  Drone x2  
  34  3:14  Overlord  
  34  3:20  Roach  
  34  3:25  Extractor  
  35  3:38  Roach x4  
  35  3:41  Overlord x2  
  43  3:58  Drone  
  43  4:01  Drone x7  
  43  4:02  Drone  
  51  4:14  Roach x2  
  55  4:25  Roach  
  55  4:26  Roach  
  55  4:28  Lair  
  55  4:29  Overlord  
  55  4:30  Overlord x2  
  59  4:38  Overlord  
  59  4:50  Roach x4  
  59  4:51  Roach  
  65  5:00  Zergling x8  
  68  5:10  Zergling x8  
  72  5:17  Evolution Chamber  
  72  5:18  Spore Crawler  
  66  5:31  Roach x4  
  66  5:32  Roach x2  
  73  5:38  Zergling x2  
  65  5:45  Roach x4  
  67  5:53  Roach  
  67  6:02  Roach  
  68  6:11  Roach x2  
  68  6:14  Drone  
  68  6:16  Drone x2  
  68  6:17  Drone x2  
  68  6:18  Drone x2  
  65  6:29  Roach  
  65  6:30  Roach x2  
  69  6:43  Hatchery  
  68  6:51  Roach x5  
  78  6:56  Extractor x2  
  76  7:14  Roach x2  
  76  7:15  Roach x6  
  90  7:31  Roach  
  90  7:34  Overlord x3  
  90  7:35  Overlord  
  74  7:54  Drone x3  
  74  7:57  Ravager x3  
  80  8:00  Queen  
  80  8:01  Drone  
  83  8:08  Zergling x2  
  83  8:09  Zergling x14  
  86  8:22  Zerg Missile Weapons Level 1  
  86  8:24  Drone  
  86  8:25  Spire, Drone  
  86  8:27  Drone x2  
  88  8:29  Drone  
  82  9:03  Drone  
  82  9:04  Drone x14  
  97  9:13  Roach x3  
  103  9:17  Hydralisk Den  
  103  9:24  Extractor  
  101  9:26  Roach  
  101  9:27  Roach x4  
  111  9:34  Ravager x3  
  111  9:35  Ravager  
  111  9:36  Roach x2  
  119  9:39  Mutalisk  
  119  9:40  Mutalisk  
  119  9:45  Extractor  
  122  9:49  Mutalisk  
  122  9:52  Roach  
  121  10:02  Mutalisk  
  121  10:05  Zergling x2  
  121  10:06  Zergling x16  
  127  10:24  Hatchery  
  126  10:28  Mutalisk x2  
  126  10:31  Overlord x5  
  109  10:45  Corruptor, Mutalisk x2  
  109  10:46  Mutalisk  
  101  10:52  Roach x4  
  106  10:57  Roach  
  108  11:05  Drone  
  108  11:06  Drone  
  96  11:26  Zergling x2  
  96  11:27  Zergling x10  
  96  11:32  Roach x4  
  109  11:33  Roach x6  
  109  11:36  Zerg Missile Weapons Level 2  
  109  11:37  Zerg Flyer Weapons Level 1  
  119  11:43  Evolution Chamber  
  120  11:47  Roach x5  
  120  11:54  Drone x3  
  131  12:13  Mutalisk  
  131  12:14  Mutalisk x5  
  140  12:20  Ravager  
  140  12:21  Ravager  
  142  12:24  Zergling x2, Roach x3  
  149  12:33  Queen  
  149  12:35  Zerg Ground Armor Level 1  
  149  12:36  Roach x2  
  155  12:53  Drone x3  
  155  12:55  Roach x5  
  155  12:56  Roach x2  
  172  13:14  Lurker Den  
  163  13:31  Overlord  
  163  13:32  Overlord x4  
  163  13:35  Overlord  
  163  13:36  Overlord x3  
  163  13:48  Overlord x4  
  140  14:12  Roach  
  140  14:13  Roach x4  
  117  14:21  Mutalisk  
  117  14:22  Roach x15  
  121  14:24  Zergling x2  
  121  14:25  Zergling x2  
  113  14:36  Hydralisk  
  113  14:37  Infestation Pit  
  98  14:53  Roach x6  
  98  14:56  Drone  
  98  14:57  Drone  
  110  15:02  Roach x3  
  110  15:03  Roach  
  110  15:05  Hydralisk  
  108  15:14  Hydralisk x2  
  108  15:15  Hydralisk  
Show
View Real Time Build Order
Export as new Build Order

Tunkon Zerg - Winner!

Build Orders: Hatch First 

Get SALT Encoding   

  12  0:00  Drone  
  13  0:13  Overlord  
  13  0:17  Drone  
  14  0:32  Drone x2  
  16  0:35  Drone  
  17  0:52  Hatchery  
  17  0:55  Drone  
  17  1:00  Extractor  
  16  1:04  Drone  
  17  1:16  Spawning Pool  
  16  1:19  Drone  
  16  1:24  Drone  
  18  1:34  Drone  
  19  1:42  Overlord  
  19  1:51  Drone  
  20  2:11  Drone x2  
  20  2:15  Metabolic Boost, Queen x2  
  26  2:25  Zergling x4  
  26  2:26  Zergling x2  
  26  2:28  Drone  
  30  2:34  Overlord  
  30  2:37  Drone  
  31  2:48  Baneling Nest  
  31  2:49  Drone x2  
  32  2:59  Drone x2  
  34  3:07  Queen  
  34  3:08  Drone  
  37  3:22  Drone x3  
  40  3:28  Evolution Chamber  
  39  3:36  Zergling x8, Hatchery  
  39  3:37  Drone x2  
  44  3:43  Overlord  
  44  3:58  Zerg Melee Weapons Level 1  
  44  4:01  Overlord  
  44  4:15  Zergling x6  
  47  4:19  Baneling  
  47  4:20  Baneling x3  
  47  4:24  Overlord x2  
  47  4:27  Drone  
  47  4:28  Drone x5  
  53  4:36  Zergling x2  
  54  4:50  Zergling x14  
  51  5:02  Zergling x2  
  51  5:03  Zergling x4  
  54  5:10  Lair, Roach Warren  
  54  5:12  Zergling x16  
  61  5:18  Queen x2  
  64  5:26  Zergling x6  
  60  5:38  Zergling x2  
  60  5:39  Zergling x16  
  60  5:54  Zergling x8, Queen  
  58  5:59  Baneling  
  58  6:00  Baneling x3  
  54  6:15  Roach  
  54  6:19  Extractor, Drone  
  50  6:28  Roach  
  47  6:40  Queen x2  
  47  6:43  Drone  
  47  6:44  Drone x3  
  47  6:45  Zergling x6  
  47  6:46  Zergling x4  
  62  6:52  Spine Crawler  
  62  6:53  Spine Crawler  
  58  7:02  Spine Crawler  
  58  7:04  Spine Crawler  
  54  7:11  Roach  
  54  7:12  Roach x5  
  54  7:15  Extractor  
  62  7:16  Zergling x2, Extractor  
  62  7:17  Baneling  
  62  7:18  Baneling  
  57  7:33  Zergling x4  
  57  7:34  Roach x3  
  59  7:42  Roach  
  61  7:48  Drone x3  
  61  7:50  Zergling x2, Drone x3  
  61  7:51  Zergling x2  
  69  8:03  Roach x2  
  73  8:11  Hatchery  
  72  8:18  Roach x2  
  73  8:25  Roach  
  75  8:29  Overlord  
  75  8:30  Overlord  
  76  8:48  Drone x3  
  76  8:49  Drone  
  79  8:59  Drone x4  
  81  9:28  Roach x4  
  81  9:29  Roach x4  
  81  9:30  Overlord x3  
  97  9:43  Zerg Ground Armor Level 1  
  97  9:48  Evolution Chamber, Queen x3  
  97  9:49  Evolution Chamber  
  97  9:52  Hydralisk Den  
  100  9:57  Nydus Network  
  93  10:03  Roach  
  93  10:04  Roach x6  
  101  10:29  Hydralisk x3  
  101  10:30  Hydralisk x4  
  101  10:34  Muscular Augments  
  115  10:36  Glial Reconstitution  
  87  10:52  Roach  
  87  10:53  Roach x4  
  93  11:06  Roach x3  
  93  11:07  Roach x2  
  97  11:34  Hydralisk x3  
  97  11:35  Hydralisk  
  105  11:44  Zerg Missile Weapons Level 1, Hatchery  
  104  11:51  Zerg Ground Armor Level 2  
  104  12:08  Zergling x4  
  105  12:09  Zergling x14  
  113  12:19  Grooved Spines  
  113  12:22  Zergling x2  
  114  12:23  Drone  
  114  12:24  Drone x3  
  118  12:33  Drone x2  
  118  12:34  Drone x2  
  122  12:39  Baneling x5  
  122  12:40  Baneling  
  122  12:47  Overlord  
  120  13:22  Hydralisk x2, Roach x3  
  120  13:23  Hydralisk x3, Roach  
  128  13:29  Zergling x2  
  128  13:30  Zergling x12  
  134  13:46  Spore Crawler  
  133  13:52  Roach  
  133  13:53  Roach  
  131  14:07  Roach x3  
  110  14:23  Hydralisk, Roach  
  110  14:24  Hydralisk x6, Roach x6  
  121  14:32  Zergling x10  
  126  14:44  Drone x4  
  128  14:46  Extractor  
  128  14:49  Extractor  
  112  15:06  Roach x2  
  112  15:07  Roach x8  
  122  15:21  Roach  
  122  15:22  Roach  
Tags
 
Add a new tag
Caveats
  • Supply blocks, unpowered buildings, or Contaminate may cause inaccurate times.
  • Supply counts are checked every 10 seconds.